 Dungeon Crawl Stone Soup version 0.31-a0-851-g7ff8af7976 (webtiles) character file.

Game seed: 4772547178930912217

38 GigaChad the Shield-Bearer (level 3, 0/18 (29) HPs)
             Began as a Formicid Fighter on Oct 6, 2023.
             Slain by Natasha (3 damage)
             ... on level 2 of the Dungeon.
             The game lasted 00:01:41 (1059 turns).

GigaChad the Shield-Bearer (Formicid Fighter)       Turns: 1059, Time: 00:01:41

HP:   0/18 (29)     AC:  6    Str: 22    XL:     3   Next: 65%
MP:   3/3           EV:  9    Int:  7    God:
Gold: 32            SH:  5    Dex: 13    Spells: 3/3 levels left

rFire   . . .        a - +0 war axe
rCold   . . .        c - +0 buckler
rNeg    . . .        b - +0 scale mail
rPois   .            (helmet unavailable)
rElec   .            (no cloak)
rCorr   .            (no gloves)
SInv    +            (no boots)
Will    .....        (no amulet) Stlth
                     (no ring)
HPRegen 0.23/turn    (no ring)
MPRegen 0.08/turn

%: no passive effects
@: very heavily drained
A: permanent stasis, dig shafts and tunnels, antennae 3, four strong arms
a: Dig, Shaft Self


You were on level 2 of the Dungeon.
You visited 1 branch of the dungeon, and saw 2 of its levels.

You collected 32 gold pieces.

Inventory:

Hand Weapons
 a - a +0 war axe (weapon)
Armour
 b - a +0 scale mail (worn)
 c - a +0 buckler (worn)
Jewellery
 h - an amulet of magic regeneration
Scrolls
 g - a scroll of poison {unknown}
 j - a scroll of revelation {unknown}
 k - a scroll of teleportation {unknown}
Potions
 d - a potion of might
 e - 4 potions of lignification {unknown}
 f - 3 potions of degeneration {unknown}
 i - a potion of invisibility {unknown}


   Skills:
 * Level 3.5 Fighting
 * Level 2.6 Axes
 * Level 3.6 Armour
 * Level 4.5 Shields
 * Level 0.5 Spellcasting


You had 3 spell levels left.
You didn't know any spells.
Your spell library contained the following spells:

 Spells                   Type           Power      Damage    Failure   Level
 Magic Dart               Conj           0%         1d3       80%         1
 Searing Ray              Conj           0%         2d4       91%         2
 Fulminant Prism          Conj/Hex       0%         3d5       100%        4


Dungeon Overview and Level Annotations

Branches:
Dungeon (2/15)

Altars:

Shops:
D:1 (

Annotations:
D:2 Natasha


Innate Abilities, Weirdness & Mutations

You cannot be hasted, slowed, berserked, paralysed or teleported.
You can dig through walls and to a lower floor.
You have a pair of large antennae on your head. (SInv)
Your four strong arms can wield two-handed weapons with a shield.


Message History

Found 14 gold pieces.
Natasha hisses angrily.
The ball python hisses angrily.
You see here an adder corpse.
Found 5 stones.
Natasha howls an incantation.
Natasha shimmers violently.
Found 14 gold pieces and a golden potion.
Natasha casts a spell at you.
Your stasis prevents you from being slowed.
You block the ball python's attack. The ball python grabs you.
The ball python constricts you.
You hit Natasha.
Natasha is heavily wounded.
You closely miss the ball python.
Natasha extends her claws.
Natasha barely misses you.
The ball python bites you but does no damage.
The ball python constricts you.
You closely miss Natasha.
Natasha is heavily wounded.
You slash the ball python!
You kill the ball python!
Natasha completely misses you.
Natasha mumbles some strange words.
Unknown command.
You hit Natasha but do no damage.
Natasha is heavily wounded.
You hit the cerulean imp. Natasha claws you but does no damage.
The cerulean imp completely misses you.
Unknown command.
You closely miss Natasha.
Natasha is heavily wounded.
You closely miss the cerulean imp.
Natasha stares at you and mumbles some strange words.
The magic dart hits you.
The cerulean imp hits you with a +3 spear.
* * * LOW HITPOINT WARNING * * *
Natasha claws you.
You die...
Natasha begins licking her fur clean.

.....##......#
......#......# ####
......#......# #..
......#......# #.#
......'.#########.#
......'...........#
......#.#########†#
......#.######....##$#
......#.##.....h@....#
..r..##.##..$..5.....#
....# ..##...........#
...# .###...........#
..# . +...........#
#...........#
#..........(#
+.......!...#


You could see Natasha and a cerulean imp (summoned).

Vanquished Creatures
  An adder (D:2)
  3 bats (D:1)
  2 endoplasms
  A giant cockroach (D:1)
  A goblin (D:1)
  2 hobgoblins (D:1)
  3 jackals (D:1)
  2 kobolds (D:1)
  A quokka (D:1)
  6 ball pythons
  A frilled lizard (D:1)
  3 rats
26 creatures vanquished.

Notes
Turn   | Place    | Note
-------+----------+-------------------------------------------
     0 | D:1      | GigaChad the Formicid Fighter began the quest for the Orb.
     0 | D:1      | Reached XP level 1. HP: 18/18 MP: 1/1
    76 | D:1      | Found Kiudocol's Antique Weapon Boutique.
   215 | D:1      | Reached XP level 2. HP: 24/24 MP: 2/2
   592 | D:1      | Reached XP level 3. HP: 29/29 MP: 3/3
  1052 | D:2      | Noticed Natasha
  1059 | D:2      | Slain by Natasha

Illustrated notes

Levels and vault maps discovered:
D:1:      grunt_arrival_crossed_arrows, layout_basic, serial_co_window_serial,
          co_window_of_opportunity_a, co_window_paths_a, co_window_corner_a,
          co_window_corner_a, co_window_of_opportunity_a, co_window_paths_c,
          co_window_paths_c, co_window_paths_c, co_window_cross_3,
          co_window_broadway_b, co_window_cross_3, glass_columns_a,
          serial_shops, nicolae_shop_overgrown_old_shop, minmay_misc_feat_cross,
          grunt_decor_cap
D:2:      kennysheep_big_flooded_room, layout_basic, minmay_pentomino_q4,
          uniq_natasha

Action                     || total
---------------------------++-------
  Melee: War axe           ||    77
Ability: Dig               ||     2
    Use: Scroll            ||     1
 Armour: Scale mail        ||    65
  Dodge: Dodged            ||    39
  Block: Buckler           ||    22

Table legend: (Time is in decaauts)
 A = Elapsed time spent in this place.
 B = Non-inter-level travel time spent in this place.
 C = Inter-level travel time spent in this place.
 D = Time resting spent in this place.
 E = Time spent auto-exploring this place.
 F = Levels seen in this place.
 G = Mean time per level.
                   A        B        C        D        E       F      G
               +--------+--------+--------+--------+--------+-----+--------+
         Total |   1090 |   1079 |     11 |      0 |    879 |   2 |  545.0 |
       Dungeon |   1090 |   1079 |     11 |      0 |    879 |   2 |  545.0 |
               +--------+--------+--------+--------+--------+-----+--------+

Top non-repeatable levels by time:
     D:1: 983 daAuts
     D:2: 106 daAuts
